 Dungeon Crawl Stone Soup version 0.31-a0-854-g362426d53f (webtiles) character file.

Game seed: 8621442354687061895

2 Kurtz the Sneak (level 1, -3/21 HPs)
             Began as a Naga Delver on Oct 8, 2023.
             Slain by an iguana (13 damage)
             ... on level 5 of the Dungeon.
             The game lasted 00:00:18 (131 turns).

Kurtz the Sneak (Naga Delver)                        Turns: 131, Time: 00:00:18

Health: -3/21      AC:  3    Str: 14    XL:     1   Next: 30%
Magic:  1/1        EV:  7    Int: 10    God:
Gold:   24         SH:  0    Dex: 12    Spells: 0/0 levels left

rFire   . . .        a - +0 hand axe
rCold   . . .        (no shield)
rNeg    . . .        h - +0 scale mail
rPois   +            (no helmet)
rElec   .            (no cloak)
rCorr   .            (no gloves)
SInv    +            (no barding)
Will    .....        (no amulet)
Stlth   ++           (no ring)
HPRegen 0.23/turn    (no ring)
MPRegen 0.07/turn

%: no passive effects
@: very slow
A: AC +0, large, see invisible, deformed body, poison resistance, slowness 2,
spit poison 1, naga tail 1
a: Spit Poison


You were on level 5 of the Dungeon.
You visited 1 branch of the dungeon, and saw 1 of its levels.

You collected 24 gold pieces.

Inventory:

Hand Weapons
 a - a +0 hand axe (weapon)
Armour
 b - a +0 leather armour
 h - a +0 scale mail (worn)
Wands
 g - a wand of digging (3)
Scrolls
 c - a scroll of fog
 d - a scroll of revelation
 e - a scroll of fear
Potions
 f - a potion of haste


   Skills:
 - Level 3.0 Fighting
 * Level 2.2 Axes
 - Level 1.5 Dodging
 - Level 7.2 Stealth


You couldn't memorise any spells.
You didn't know any spells.
Your spell library was empty.

Dungeon Overview and Level Annotations

Branches:
Dungeon (5/15)
 Temple: D:4-7

Altars:


Innate Abilities, Weirdness & Mutations

Your serpentine skin is tough. (AC +0)
You have supernaturally acute eyesight. (SInv)
Armour fits poorly on your strangely shaped body.
Your system is resistant to poisons. (rPois)
You cover ground very slowly.
You can spit poison.
You have a snake-like lower body.


Message History

You start removing your armour.
You continue taking off your +0 leather armour. x4
You finish taking off your +0 leather armour.
You start putting on your armour.
You continue putting on your +0 scale mail. x5
You finish putting on your +0 scale mail.
Unknown command.
You now have 10 gold pieces.
An iguana comes into view.
The iguana moves out of view.
There is a stone staircase leading down here.
Found a dagger.
You now have 24 gold pieces (gained 14).
An iguana is nearby!
Okay, then.
The iguana hisses angrily.
You hear a shout! x2
Aiming: Spit Poison (3% risk of failure)
Press: ? - help, Shift-Dir - straight line, f - iguana
Aim: an iguana (59% to hit)
The splash of poison hits the iguana.
The iguana is poisoned.
The iguana is moderately wounded.
Unknown command.
You have got your breath back.
The iguana bites you.
Aiming: Spit Poison (3% risk of failure)
Press: ? - help, Shift-Dir - straight line, f/p - iguana
Aim: an iguana (heavily wounded, poisoned, 59% to hit)
The splash of poison hits the iguana but does no damage.
The iguana looks even sicker.
The iguana is heavily wounded.
The iguana bites you but does no damage.
You barely miss the iguana.
The iguana is heavily wounded.
An orc wizard comes into view. It is wielding a +0 dagger.
The iguana bites you!
Unknown command.
You have got your breath back.
The iguana attacks as it pursues you! The iguana bites you!
Ouch! That really hurt!
You die...

.... . #..# #..# .
#..# #..# .
#..###..# .
##.......# .
#........#########>
#..# #.>........).
#..####.###########
##l@).......#
#.###.##.##.# #.#
#....##.#
#.###.#####.#
#....## #.# #o#.##
#.# ........# #.#
#...##### #.# #..#
#.#


You could see an iguana (poisoned).

Vanquished Creatures
  An orc (D:5)
1 creature vanquished.

Notes
Turn   | Place    | Note
-------+----------+-------------------------------------------
     0 | D:5      | Kurtz the Naga Delver began the quest for the Orb.
     0 | D:5      | Reached XP level 1. HP: 21/21 MP: 1/1
   103 | D:5      | Noticed an iguana
   130 | D:5      | Noticed an orc wizard
   131 | D:5      | Slain by an iguana

Illustrated notes

Levels and vault maps discovered:
D:5:      layout_loops_ring, lemuel_coloured_pillars_altar

Action                     || total
---------------------------++-------
  Melee: Hand axe          ||     9
         Punch             ||     1
Ability: Spit Poison       ||     3
   Stab: Sleeping          ||     1
 Armour: Leather armour    ||     5
         Scale mail        ||     4
  Dodge: Dodged            ||     5

Table legend: (Time is in decaauts)
 A = Elapsed time spent in this place.
 B = Non-inter-level travel time spent in this place.
 C = Inter-level travel time spent in this place.
 D = Time resting spent in this place.
 E = Time spent auto-exploring this place.
 F = Levels seen in this place.
 G = Mean time per level.
                   A        B        C        D        E       F      G
               +--------+--------+--------+--------+--------+-----+--------+
         Total |    150 |    150 |      0 |     62 |     38 |   1 |  150.0 |
       Dungeon |    150 |    150 |      0 |     62 |     38 |   1 |  150.0 |
               +--------+--------+--------+--------+--------+-----+--------+

Top non-repeatable levels by time:
     D:5: 150 daAuts
